 Dungeon Crawl Stone Soup version 0.22-a0-891-g4570db1 (webtiles) character file.

15 Hedningen the Skirmisher (level 2, -2/24 HPs)
             Began as a Demonspawn Archaeologist on Aug 28, 2019.
             Slain by a gnoll
             ... wielding a +0 whip
              (4 damage)
             ... on level 2 of the Dungeon.
             The game lasted 00:01:10 (815 turns).

Hedningen the Skirmisher (Demonspawn Archaeologist)  Turns: 815, Time: 00:01:11

Health: -2/24      AC:  4    Str: 12    XL:     2   Next: 34%
Magic:  2/2        EV: 13    Int: 13    God:
Gold:   60         SH:  0    Dex: 12    Spells: 1/1 levels left

rFire    . . .     SeeInvis .   a - +0 whip
rCold    . . .     Gourm    .   (no shield)
rNeg     . . .     Faith    .   b - +1 robe
rPois    .         Spirit   .   c - +1 hat
rElec    .         Reflect  .   (no cloak)
rCorr    .         Harm     .   (no gloves)
MR       .....                  (no boots)
Stlth    ++........             (no amulet)
HPRegen  0.08/turn              (no ring)
MPRegen  0.08/turn              (no ring)

@: no status effects
A: nightstalker 1
a: no special abilities


You were on level 2 of the Dungeon.
You were not hungry.

You visited 1 branch of the dungeon, and saw 2 of its levels.

You collected 60 gold pieces.

Inventory:

Hand Weapons
 a - a +0 whip (weapon)
Missiles
 i - 3 tomahawks (quivered)
Armour
 b - a +1 robe (worn)
 c - a +1 hat (worn)
Scrolls
 f - 4 scrolls of identify
 h - a scroll of blinking {unknown}
Miscellaneous
 d - a dusty tome
 e - an ancient crate
Comestibles
 g - 3 rations


   Skills:
 - Level 3.0 Fighting
 + Level 1.9 Maces & Flails
 - Level 2.6 Dodging
 - Level 0.8 Stealth


You had one spell level left.
You didn't know any spells.
Your spell library was empty.

Dungeon Overview and Level Annotations

Branches:
Dungeon (2/15)

Altars:


Innate Abilities, Weirdness & Mutations

You are slightly more attuned to the shadows.


Message History

You are too injured to fight recklessly!
You are too injured to fight recklessly!
You are too injured to fight recklessly!
You are too injured to fight recklessly!
You are too injured to fight recklessly!
You are too injured to fight recklessly!
You are too injured to fight recklessly!
You are too injured to fight recklessly!
You are too injured to fight recklessly!
You are too injured to fight recklessly!
You are too injured to fight recklessly!
You are too injured to fight recklessly!
You barely miss the gnoll. The gnoll hits you but does no damage.
The gnoll misses you.
You barely miss the gnoll. The gnoll completely misses you.
The gnoll hits you with a whip!
* * * LOW HITPOINT WARNING * * *
You hit the gnoll but do no damage. The gnoll barely misses you.
The gnoll hits you with a whip.
You die...

#.........# #.........#
#.........#
######.........#
#..............# #
####..##..###.###.#####
.......................
..###%.##.##.####..####
#...##@##....# ##...##
#..gg####..# #.....
####g## #..## ###.##
#..###...# #..#
#..<##.#.. ##...
#.....g# .....
#....#.... #####
......)....... ....
..###....#.#.# ##.#


You could see 3 gnolls.

Vanquished Creatures
  A leopard gecko (D:1)
  2 bats (D:1)
  2 goblins
  3 jackals (D:1)
  A kobold (D:2)
  3 frilled lizards
  A rat (D:2)
13 creatures vanquished.

Notes
Turn   | Place    | Note
-------+----------+-------------------------------------------
     0 | D:1      | Hedningen the Demonspawn Archaeologist began the quest for the Orb.
     0 | D:1      | Reached XP level 1. HP: 18/18 MP: 1/1
   140 | D:1      | Reached skill level 1 in Maces & Flails
   148 | D:1      | Gained mutation: You are slightly more attuned to the shadows. [demonic ancestry]
   148 | D:1      | Reached XP level 2. HP: 17/24 MP: 1/2
   815 | D:2      | Slain by a gnoll

Vault maps used:
D:1:      giann_bridges
D:2:      first_ration, minmay_liquid_box

Skill      XL: |  1 |
---------------+----+-----
Maces & Flails | 1 |  1.9
Fighting       | |  3.0
Dodging        | |  2.6
Stealth        | |  0.8

Action                   || total
-------------------------++-------
Melee: Whip              ||    47
Throw: Tomahawk          ||     2
  Use: Potion            ||     2
       Scroll            ||     1
 Stab: Sleeping          ||     2
Armor: Robe              ||    20
Dodge: Dodged            ||    55

Table legend:
 A = Spawn XP
 B = Non-spawn XP
 C = Spawn XP percentage of total XP
 D = Spawn monster count
 E = Non-spawn monster count
 F = Spawn count percentage of total count
 G = Total turns spent on level
                    A         B        C        D         E        F      G
               +---------+---------+-------+---------+---------+-------+---------
         Total |       0 |      22 |   0.0 |       0 |      13 |   0.0 |   815
               +---------+---------+-------+---------+---------+-------+---------
           D:1 |       0 |      16 |   0.0 |       0 |       9 |   0.0 |   747
           D:2 |       0 |       6 |   0.0 |       0 |       4 |   0.0 |    68
               +---------+---------+-------+---------+---------+-------+---------
